[Event "Titled Tuesday Blitz January 03 Early 2023"]
[White "Reprintsev, Alexander"]
[Black "Ankerst, Mihael"]
[WhiteFideId "14100541"]
[BlackFideId "14602369"]
[WhiteElo "2253"]
[BlackElo "2370"]
[Result "0-1"]
[Round "10"]
[TimeControl "180+2"]
[Date "2023.01.03"]
[WhiteClock "0:00:37"]
[BlackClock "0:01:27"]

1. e4 c5 2. b3 Nc6 3. Bb2 d6 4. Bb5 Bd7 5. Ne2 e5 6. O-O Nf6 7. f3 Be7 8. c3 a6 9. Bxc6 Bxc6 10. d4 O-O 11. Nd2 b5 12. Rf2 Qc7 13. Nf1 Rac8 14. Ne3 Bd7 15. dxe5 dxe5 16. Ng3 Rfd8 17. Rd2 Be6 18. c4 Rxd2 19. Qxd2 Rd8 20. Nd5 Nxd5 21. exd5 Bd7 22. Re1 Bd6 23. Nh5 f6 24. Qf2 Bf5 25. Qh4 Qf7 26. g4 Bg6 27. Ng3 Re8 28. Nf5 Bf8 29. Kf2 Qd7 30. Ne3 Rb8 31. Bc3 Be7 32. Qg3 Bd6 33. h4 Bd3 34. cxb5 e4 35. f4 axb5 36. Nf5 b4 37. Bb2 c4 38. bxc4 Bc5+ 39. Kg2 Bxc4 40. Rd1 Bxd5 41. Rxd5 Qxd5 42. Ba1 0-1


[Site "https://www.chess.com"]

[Event "Titled Tuesday Blitz January 03 Early 2023"]
[White "Kvaloy, Aksel Bu"]
[Black "Vifleemskaia, Svetlana"]
[WhiteFideId "1528815"]
[BlackFideId "4129490"]
[WhiteElo "2321"]
[BlackElo "1971"]
[Result "1-0"]
[Round "10"]
[TimeControl "180+2"]
[Date "2023.01.03"]
[WhiteClock "0:00:19"]
[BlackClock "0:00:02"]

1. d4 Nf6 2. c4 e6 3. g3 Bb4+ 4. Bd2 Qe7 5. Bg2 Nc6 6. e3 O-O 7. Ne2 a5 8. O-O Bxd2 9. Nxd2 d6 10. Nc3 e5 11. d5 Nb8 12. a3 Na6 13. b4 axb4 14. axb4 Bd7 15. Qb3 c5 16. b5 Nb4 17. e4 Nh5 18. Ne2 g6 19. f3 f5 20. h3 f4 21. g4 Nf6 22. Nc3 g5 23. Kf2 h5 24. Rh1 Kg7 25. Ke2 Kg6 26. Na2 Nxa2 27. Rxa2 Rxa2 28. Qxa2 Qd8 29. Qa7 Qb8 30. Ra1 Rc8 31. Nb1 Kf7 32. Nc3 Ke7 33. Kf2 Be8 34. Bf1 Bd7 35. Be2 Be8 36. Bd1 Bd7 37. Ba4 Be8 38. b6 Bxa4 39. Rxa4 h4 40. Nb5 Nd7 41. Ra1 Qxa7 42. bxa7 Nb6 43. Ke2 Ra8 44. Nc7 Rc8 45. a8=Q Nxa8 46. Nxa8 Rb8 47. Nb6 Kd8 48. Kd3 Kc7 49. Rb1 Rd8 50. Rb3 Rb8 51. Kc2 Rd8 52. Kb2 Re8 53. Ka3 Rd8 54. Ka4 Re8 55. Kb5 Rf8 56. Ra3 Re8 57. Ra8 Rxa8 58. Nxa8+ Kb8 59. Nb6 Kc7 60. Na4 1-0


[Site "https://www.chess.com"]

[Event "Titled Tuesday Blitz January 03 Early 2023"]
[White "Erzhanov, Arman"]
[Black "Gutierrez Anaya, Yeison Joel"]
[WhiteFideId "4138821"]
[BlackFideId "3903273"]
[WhiteElo "2228"]
[BlackElo "2125"]
[Result "1-0"]
[Round "10"]
[TimeControl "180+2"]
[Date "2023.01.03"]
[WhiteClock "0:01:42"]
[BlackClock "0:00:03"]

1. e4 c6 2. Nf3 d5 3. Nc3 g6 4. d4 dxe4 5. Nxe4 Nf6 6. Bd3 Bg7 7. O-O O-O 8. c3 Nbd7 9. Re1 Nxe4 10. Rxe4 e5 11. dxe5 Re8 12. Bf4 Qa5 13. Qe2 Nc5 14. b4 Qa3 15. bxc5 Qxc3 16. Rc1 Qa3 17. Nd4 Rd8 18. Nb3 Bf5 19. Re3 Bxd3 20. Rxd3 Rxd3 21. Qxd3 Qxa2 22. h4 Bf8 23. h5 gxh5 24. e6 fxe6 25. Qg3+ Kf7 26. Rd1 Be7 27. Rd7 1-0


[Site "https://www.chess.com"]

[Event "Titled Tuesday Blitz January 03 Early 2023"]
[White "Samunenkov, Ihor"]
[Black "Alfaro, William"]
[WhiteFideId "14187086"]
[BlackFideId "6100457"]
[WhiteElo "2501"]
[BlackElo "2134"]
[Result "1-0"]
[Round "10"]
[TimeControl "180+2"]
[Date "2023.01.03"]
[WhiteClock "0:00:25"]
[BlackClock "0:00:16"]

1. d4 Nf6 2. c4 g6 3. Nf3 Bg7 4. g3 O-O 5. Bg2 d5 6. cxd5 Nxd5 7. O-O Bg4 8. h3 Bxf3 9. Bxf3 c6 10. Nc3 e6 11. h4 Nd7 12. e4 Nxc3 13. bxc3 c5 14. e5 cxd4 15. cxd4 Qb6 16. Ba3 Rfc8 17. Rb1 Qa5 18. Bb4 Qa6 19. Qb3 Nb6 20. Bc5 Rab8 21. Bd6 Ra8 22. d5 exd5 23. Bxd5 Nxd5 24. Qxd5 Qc6 25. Qb3 b6 26. Rbc1 Qd7 27. Rcd1 Re8 28. h5 Qg4 29. hxg6 hxg6 30. Rfe1 Rad8 31. Rc1 Qg5 32. Rc7 Qf5 33. Re3 Bxe5 34. Bxe5 Rc8 35. Rf3 Rxc7 36. Rxf5 Rc1+ 37. Kg2 gxf5 38. Qe3 Rc6 39. Qf4 Rce6 40. Bc3 Rc8 41. Qd4 1-0


[Site "https://www.chess.com"]

[Event "Titled Tuesday Blitz January 03 Early 2023"]
[White "Tanenbaum, Zachary"]
[Black "Shuvalov, Evgenij"]
[WhiteFideId "2060850"]
[BlackFideId "4187237"]
[WhiteElo "2261"]
[BlackElo "2038"]
[Result "1-0"]
[Round "10"]
[TimeControl "180+2"]
[Date "2023.01.03"]
[WhiteClock "0:00:26"]
[BlackClock "0:00:12"]

1. e4 e6 2. d4 d5 3. Nc3 Bb4 4. exd5 exd5 5. Bd3 Nc6 6. a3 Bxc3+ 7. bxc3 Nge7 8. Nf3 Bg4 9. Rb1 b6 10. O-O h6 11. h3 Bh5 12. Re1 O-O 13. Bf4 Re8 14. Qd2 Bxf3 15. gxf3 Ng6 16. Rxe8+ Qxe8 17. Bxc7 Qd7 18. Bg3 Qxh3 19. Qe3 Qd7 20. Re1 Nce7 21. c4 Nf5 22. Bxf5 Qxf5 23. cxd5 Qxd5 24. Qe4 Qd8 25. c4 Rc8 26. d5 Qd7 27. f4 Nf8 28. f5 Nh7 29. Bh4 Ng5 30. Bxg5 hxg5 31. Kg2 b5 32. cxb5 Qxb5 33. d6 Rd8 34. Rd1 Qd7 35. Rd3 Re8 36. Qd5 Kf8 37. Rh3 Kg8 38. Rc3 g6 39. Rc7 Qxf5 40. Qxf5 gxf5 41. d7 Rf8 42. Rc8 f6 43. Rxf8+ Kxf8 44. d8=Q+ Kg7 45. Qc7+ Kg6 46. Qxa7 f4 47. Qd7 1-0


[Site "https://www.chess.com"]

[Event "Titled Tuesday Blitz January 03 Early 2023"]
[White "Quinones Garcia, Santiago"]
[Black "Khubukshanov, Erdem"]
[WhiteFideId "4408497"]
[BlackFideId "54114527"]
[WhiteElo "2248"]
[BlackElo "2382"]
[Result "0-1"]
[Round "10"]
[TimeControl "180+2"]
[Date "2023.01.03"]
[WhiteClock "0:01:21"]
[BlackClock "0:00:44"]

1. d4 d5 2. c4 e6 3. Nc3 c6 4. Nf3 Nf6 5. Bg5 h6 6. Bh4 dxc4 7. e4 g5 8. Bg3 b5 9. Qc2 Bb7 10. b3 b4 11. Na4 c3 12. Bd3 Nbd7 13. O-O Be7 14. h4 gxh4 15. Bxh4 Nh5 16. Bxe7 Qxe7 17. e5 Rg8 18. Be4 O-O-O 19. a3 f5 20. exf6 Ndxf6 21. axb4 Nxe4 22. Qxe4 c5 23. Qh4 Rxg2+ 24. Kh1 Bxf3 25. Qxe7 Rxf2+ 26. Kg1 Rg2+ 27. Kh1 Ng3# 0-1


[Site "https://www.chess.com"]

[Event "Titled Tuesday Blitz January 03 Early 2023"]
[White "Kopczynski, Michal"]
[Black "Ilkhomi, Jaloliddin"]
[WhiteFideId "1124200"]
[BlackFideId "14700948"]
[WhiteElo "2225"]
[BlackElo "1997"]
[Result "1-0"]
[Round "10"]
[TimeControl "180+2"]
[Date "2023.01.03"]
[WhiteClock "0:00:16"]
[BlackClock "0:00:05"]

1. e4 e6 2. d4 d5 3. Nc3 Bb4 4. e5 c5 5. dxc5 Qa5 6. Bd2 Qxc5 7. f4 Nc6 8. Nf3 Nge7 9. Bd3 Ba5 10. Qe2 Bd7 11. O-O-O Rc8 12. Nb5 Bxd2+ 13. Rxd2 O-O 14. Nd6 Nb4 15. Bxh7+ Kh8 16. a3 Na2+ 17. Kb1 Nc3+ 18. bxc3 Qxa3 19. Ng5 Rc6 20. Bd3 Rb6+ 21. Bb5 Nf5 22. c4 Nh6 23. Rd3 Qc5 24. Rb3 dxc4 25. Bxc4 Rxb3+ 26. Bxb3 a5 27. Qh5 Kg8 28. Nde4 Qd4 29. Nf6+ Kh8 30. Rd1 Qxf4 31. Nxd7 Rd8 32. g3 Qf5 33. Nxf7+ Qxf7 34. Qxf7 Nxf7 35. Bxe6 Nxe5 36. Rd5 Nc6 37. Nb6 Re8 38. Bd7 Re1+ 39. Kb2 Nb4 40. Rxa5 Re2 41. Ra8+ Kh7 42. Rc8 Rxh2 43. Bf5+ g6 44. Be4 Kg7 45. Rc7+ Kf6 46. Rxb7 Ke5 47. Bxg6 Rg2 48. Nc4+ Kd4 49. Nd6 Kc5 50. Ne4+ Kd4 51. Rxb4+ Ke5 52. Nc3 Kd6 53. Rd4+ Kc5 54. Rd5+ Kb4 55. Be4 Rf2 56. Bd3 Rg2 57. Rb5# 1-0


[Site "https://www.chess.com"]

[Event "Titled Tuesday Blitz January 03 Early 2023"]
[White "Ginzburg, Yakov"]
[Black "Ibadov, Dashgyn"]
[WhiteFideId "4157176"]
[BlackFideId "24107514"]
[WhiteElo "2405"]
[BlackElo "2391"]
[Result "0-1"]
[Round "10"]
[TimeControl "180+2"]
[Date "2023.01.03"]
[WhiteClock "0:00:02"]
[BlackClock "0:00:19"]

1. d4 Nf6 2. Nf3 d5 3. g3 e6 4. Bg2 Be7 5. O-O O-O 6. c4 c6 7. b3 b6 8. Bb2 Bb7 9. Nc3 Nbd7 10. Qc2 c5 11. dxc5 Nxc5 12. cxd5 Nxd5 13. Rad1 Qc7 14. Nxd5 Bxd5 15. b4 Na6 16. Qxc7 Nxc7 17. Ne5 Bxb4 18. Rc1 Bxg2 19. Kxg2 Rfc8 20. Nc6 Bc5 21. Rfd1 Nd5 22. e4 Ne3+ 23. fxe3 Rxc6 24. Rd7 a5 25. Rcd1 h6 26. Kf3 Re8 27. Rb7 Re7 28. Rd8+ Kh7 29. Rbb8 Bd6 30. Ra8 Rc2 31. Rh8+ Kg6 32. Bxg7 Kxg7 33. Rag8+ Kf6 34. Rxh6+ Ke5 35. Rg5+ f5 36. g4 Rf7 37. h4 Bc5 38. Rgg6 fxe4+ 39. Kg3 Rf3# 0-1


[Site "https://www.chess.com"]

[Event "Titled Tuesday Blitz January 03 Early 2023"]
[White "Karttunen, Mika"]
[Black "Najdin, Danil"]
[WhiteFideId "502081"]
[BlackFideId "4172426"]
[WhiteElo "2490"]
[BlackElo "2235"]
[Result "1-0"]
[Round "10"]
[TimeControl "180+2"]
[Date "2023.01.03"]
[WhiteClock "0:00:20"]
[BlackClock "0:00:10"]

1. c4 Nf6 2. Nc3 g6 3. g3 Bg7 4. Bg2 O-O 5. d3 c6 6. Nf3 d5 7. cxd5 cxd5 8. O-O Nc6 9. Bd2 e5 10. Rc1 a6 11. Na4 Re8 12. Bc3 b6 13. Qb3 Rb8 14. Bb4 Nxb4 15. Qxb4 Bd7 16. Nc3 d4 17. Nb1 Bf8 18. Qd2 Be6 19. Nxe5 Bd5 20. Nc6 Bxc6 21. Rxc6 Qe7 22. Na3 Qxe2 23. Qxe2 Rxe2 24. Rxf6 Rxb2 25. Nc4 Rxa2 26. Rxb6 Rxb6 27. Nxb6 Rd2 28. Be4 f5 29. Bd5+ Kg7 30. Bc4 a5 31. Re1 f4 32. Kg2 fxg3 33. hxg3 h5 34. Re8 Bb4 35. Rg8+ Kh7 36. Ra8 Rb2 37. Nd7 Kg7 38. Rg8+ Kh6 39. Nf6 Be1 40. Ne4 Kh7 41. Ra8 Kh6 42. Kf3 g5 43. Ra6+ Kg7 44. Kg2 g4 45. Kf1 Bb4 46. Nf6 Rb1+ 47. Kg2 Be7 48. Nxh5+ Kf8 49. Nf4 Bg5 50. Ne6+ 1-0


[Site "https://www.chess.com"]

[Event "Titled Tuesday Blitz January 03 Early 2023"]
[White "Le Ruyet, Leopold"]
[Black "Odegov, Artem"]
[WhiteFideId "645923"]
[BlackFideId "34183644"]
[WhiteElo "2245"]
[BlackElo "2261"]
[Result "1-0"]
[Round "10"]
[TimeControl "180+2"]
[Date "2023.01.03"]
[WhiteClock "0:00:03"]
[BlackClock "0:00:03"]

1. e4 d6 2. d4 Nd7 3. Nc3 e5 4. Nf3 g6 5. g3 Bg7 6. Bg2 exd4 7. Nxd4 Ne7 8. O-O O-O 9. a4 Nc6 10. Be3 Nb6 11. b3 Qf6 12. Nxc6 bxc6 13. Bd2 Ba6 14. Re1 Rfe8 15. Qg4 Re7 16. Bg5 Qxc3 17. Bxe7 Qxc2 18. Rac1 Qxb3 19. Rxc6 Bc8 20. Qf4 Be5 21. Qh6 Bg7 22. Qh4 Qxa4 23. Rxc7 Be6 24. e5 d5 25. Qg5 Qa5 26. Rcc1 Re8 27. Bf6 Bf8 28. Re2 Nc4 29. Qh4 Qc5 30. Rec2 a5 31. Qf4 a4 32. h4 h5 33. Bf3 Kh7 34. g4 hxg4 35. Bxg4 Bh6 36. Bg5 Bxg5 37. hxg5 Kg8 38. Be2 Bf5 39. Rc3 Qe7 40. Bxc4 dxc4 41. Rxc4 a3 42. Ra4 Be6 43. Ra1 a2 44. Qe3 Rd8 45. Rh4 Rd5 46. Qf4 Bf5 47. Rxa2 Rd1+ 48. Kh2 Re1 49. Ra8+ Kg7 50. Rah8 f6 51. gxf6+ Kf7 52. R4h7+ Ke6 53. Rxe7+ Kd5 54. Rd8+ Kc5 55. Qc4+ Kb6 56. Rd6+ Ka5 57. Ra6# 1-0


[Site "https://www.chess.com"]

[Event "Titled Tuesday Blitz January 03 Early 2023"]
[White "Pinheiro, Iung Alicio de O."]
[Black "Avazkhonov, Alikhon"]
[WhiteFideId "2104350"]
[BlackFideId "14208504"]
[WhiteElo "2306"]
[BlackElo "1538"]
[Result "1-0"]
[Round "10"]
[TimeControl "180+2"]
[Date "2023.01.03"]
[WhiteClock "0:00:05"]
[BlackClock "0:00:01"]

1. d4 Nf6 2. c4 e6 3. g3 Bb4+ 4. Nd2 O-O 5. Nf3 d5 6. Qc2 b6 7. Bg2 Bb7 8. Ne5 Nbd7 9. O-O c5 10. cxd5 exd5 11. Nxd7 Qxd7 12. Nf3 c4 13. Ne5 Qe7 14. Bg5 h6 15. Bxf6 Qxf6 16. Nd7 Qxd4 17. Rad1 Qg4 18. Nxf8 Rd8 19. e4 d4 20. Qxc4 Bxf8 21. Rxd4 Ba6 22. Qxa6 Rxd4 23. Qxa7 Bc5 24. Qa8+ Kh7 25. h3 Qe2 26. e5 g6 27. Qb7 Kg7 28. Qf3 Qxe5 29. a3 Rd2 30. b4 Bd4 31. Kh1 Qf6 32. Qxf6+ Kxf6 33. f4 Ra2 34. Rf3 Kf5 35. g4+ Ke6 36. Bf1 Rd2 37. Bc4+ Kf6 38. h4 Rd1+ 39. Kg2 Rd2+ 40. Kh3 Bg1 41. g5+ hxg5 42. fxg5+ Ke5 43. Bxf7 Rh2+ 44. Kg4 Rg2+ 45. Rg3 Rf2 46. Bxg6 Bh2 47. Rf3 Rg2+ 48. Kh5 Bf4 49. Bd3 Rh2 50. g6 Rg2 51. Rxf4 Kxf4 52. Kh6 Ke5 53. h5 Kf6 54. Kh7 Rg5 55. h6 1-0


[Site "https://www.chess.com"]

[Event "Titled Tuesday Blitz January 03 Early 2023"]
[White "Moreno Perez, Tobias Sebastian"]
[Black "Maevsky, Nikolay"]
[WhiteFideId "186716"]
[BlackFideId "4198220"]
[WhiteElo "2256"]
[BlackElo "2277"]
[Result "1-0"]
[Round "10"]
[TimeControl "180+2"]
[Date "2023.01.03"]
[WhiteClock "0:00:09"]
[BlackClock "0:00:38"]

1. d4 Nf6 2. Bf4 g6 3. Nc3 Bg7 4. e4 d6 5. Qd2 c6 6. f3 b5 7. Bh6 Bxh6 8. Qxh6 Nbd7 9. h4 Bb7 10. Nh3 b4 11. Ne2 Qa5 12. Qd2 c5 13. d5 Qc7 14. Nef4 h5 15. Ng5 Ne5 16. Bb5+ Nfd7 17. Nge6 Qb6 18. Ba4 Ba6 19. Ng5 Qa5 20. Bxd7+ Kxd7 21. b3 Qb6 22. a3 Rac8 23. Kf2 c4+ 24. Kg3 cxb3 25. cxb3 bxa3 26. Rxa3 Bb5 27. Raa1 a6 28. Rac1 Qb7 29. Qd4 Rhf8 30. Qe3 Rxc1 31. Rxc1 Rc8 32. Rxc8 Kxc8 33. Nxf7 Nxf7 34. Nxg6 Qc7 35. Qf4 Ne5 36. Qf8+ Kb7 37. Nxe5 dxe5 38. Qf7 a5 39. Qxh5 Bf1 40. Qf7 Kb6 41. Qe6+ Kb5 42. h5 Qc2 43. Qc6+ Qxc6 44. dxc6 Kxc6 45. h6 Bc4 46. bxc4 a4 47. h7 a3 48. h8=Q Kc5 49. Qxe5+ Kb4 50. Qa1 Kxc4 51. Kf4 Kb3 52. g4 a2 53. g5 1-0


[Site "https://www.chess.com"]

[Event "Titled Tuesday Blitz January 03 Early 2023"]
[White "Florescu, Codrut-Constantin"]
[Black "Kaplan, Avi Harrison"]
[WhiteFideId "1202200"]
[BlackFideId "30934559"]
[WhiteElo "2259"]
[BlackElo "2146"]
[Result "1-0"]
[Round "10"]
[TimeControl "180+2"]
[Date "2023.01.03"]
[WhiteClock "0:01:07"]
[BlackClock "0:00:01"]

1. e4 d6 2. d4 Nf6 3. Nc3 Nbd7 4. f4 e5 5. Nf3 Be7 6. Be3 Ng4 7. Bg1 exf4 8. Qd2 Ne3 9. Bxe3 fxe3 10. Qxe3 O-O 11. O-O-O Re8 12. Kb1 c6 13. Bd3 b5 14. Rhf1 Nf8 15. e5 dxe5 16. Nxe5 Be6 17. Nxc6 Qb6 18. Nxe7+ Rxe7 19. Nd5 Bxd5 20. Qxe7 a5 21. Qc5 Qe6 22. Rde1 Bxa2+ 23. Ka1 Qd5 24. Qxd5 Bxd5 25. Bxb5 Bxg2 26. Rf2 Bd5 27. c4 Rb8 28. b3 Be6 29. Ba4 g6 30. d5 Bf5 31. c5 Rd8 32. d6 Ne6 33. Rc1 Kg7 34. Rd2 Nf4 35. c6 Nd3 36. Rxd3 Bxd3 37. c7 Rxd6 38. c8=Q Rf6 39. Qc3 Bf5 40. Rd1 g5 41. Rd6 Be6 42. Ra6 Kg6 43. Rxa5 h5 44. b4 h4 45. Bc2+ Bf5 46. Rxf5 Rxf5 47. Qe5 h3 48. Qxf5+ Kg7 49. Qxg5+ Kf8 50. b5 f6 51. Qc5+ Kg7 52. b6 f5 53. b7 Kg6 54. b8=Q Kh5 55. Qxf5+ Kh4 56. Qbf4# 1-0


[Site "https://www.chess.com"]

[Event "Titled Tuesday Blitz January 03 Early 2023"]
[White "Mazurkiewicz, Michal"]
[Black "MKlose11"]
[WhiteFideId "1124943"]
[WhiteElo "2145"]
[BlackElo "2554"]
[Result "1/2-1/2"]
[Round "10"]
[TimeControl "180+2"]
[Date "2023.01.03"]
[WhiteClock "0:00:04"]
[BlackClock "0:00:41"]

1. e4 e6 2. d3 d5 3. Nd2 Nf6 4. Ngf3 Be7 5. g3 b6 6. Bg2 dxe4 7. dxe4 Ba6 8. c4 Qd3 9. e5 Nfd7 10. Qe2 Qxe2+ 11. Kxe2 Bb7 12. Re1 Nc6 13. Kf1 Nb4 14. Re2 O-O-O 15. Nb3 Nc5 16. Nxc5 Bxc5 17. Bg5 Rd7 18. a3 Nc6 19. b4 Nd4 20. Nxd4 Bxg2+ 21. Kxg2 Bxd4 22. Rd1 h6 23. Red2 hxg5 24. Rxd4 Rxd4 25. Rxd4 f6 26. exf6 gxf6 27. h4 gxh4 28. Rxh4 Rd8 29. Rh6 Rf8 30. Rh7 Kb7 31. b5 a6 32. bxa6+ Kc6 33. a7 Ra8 34. Rh6 Kd6 35. Rxf6 Rxa7 36. f4 Rxa3 37. f5 Ke5 38. Rxe6+ Kxf5 39. Rc6 Ra7 40. Kf3 Ra3+ 41. Kg2 Ra7 42. Kf3 Ke5 43. g4 Ra3+ 44. Kg2 Kf4 45. Rxc7 Ra2+ 46. Kf1 Kf3 47. Rf7+ Kxg4 48. Rb7 Kf3 49. Kg1 Rb2 50. c5 Rg2+ 51. Kf1 Rc2 52. Rf7+ Ke3 53. cxb6 Rb2 54. b7 Kd4 55. Ke1 Kd5 56. Kd1 Kc6 57. Kc1 Rb3 58. Rh7 Rb4 59. Kc2 Rxb7 60. Rxb7 Kxb7 1/2-1/2


[Site "https://www.chess.com"]

[Event "Titled Tuesday Blitz January 03 Early 2023"]
[White "Dinu, Dumitru-Daniel"]
[Black "Ezat, Mohamed"]
[WhiteFideId "1208403"]
[BlackFideId "10600906"]
[WhiteElo "2203"]
[BlackElo "2402"]
[Result "0-1"]
[Round "10"]
[TimeControl "180+2"]
[Date "2023.01.03"]
[WhiteClock "0:00:03"]
[BlackClock "0:00:14"]

1. e4 c6 2. Nc3 d5 3. Nf3 Bg4 4. h3 Bh5 5. exd5 cxd5 6. Bb5+ Nc6 7. g4 Bg6 8. Ne5 Rc8 9. d4 e6 10. Be3 Bb4 11. h4 f6 12. Nxg6 hxg6 13. Qd3 Ne7 14. O-O-O Qa5 15. Bd2 a6 16. Bxc6+ Rxc6 17. a3 Bxc3 18. Bxc3 Qa4 19. Rde1 Kd7 20. f4 Rhc8 21. f5 gxf5 22. gxf5 Nxf5 23. Rxe6 Rxc3 24. bxc3 Qxa3+ 25. Kd2 Nd6 26. Rxd6+ Qxd6 27. Qf5+ Qe6 28. Qf4 Re8 29. Kd1 Qe2+ 30. Kc1 Qe3+ 31. Qxe3 Rxe3 32. Rg1 Re7 33. Kd2 Ke8 34. h5 Kf7 35. Kd3 Rc7 36. Rg2 Rc8 37. Rg1 Rh8 38. Rh1 Rh6 39. Rh2 Ke6 40. c4 Kd6 41. c5+ Ke6 42. c4 dxc4+ 43. Kxc4 b5+ 44. cxb6 Kd6 0-1


[Site "https://www.chess.com"]

[Event "Titled Tuesday Blitz January 03 Early 2023"]
[White "Mei, Austin"]
[Black "Babikov, Ivan"]
[WhiteFideId "30948479"]
[BlackFideId "4161106"]
[WhiteElo "2218"]
[BlackElo "2239"]
[Result "1-0"]
[Round "10"]
[TimeControl "180+2"]
[Date "2023.01.03"]
[WhiteClock "0:00:20"]
[BlackClock "0:00:03"]

1. e4 c5 2. Nf3 Nf6 3. Nc3 d5 4. e5 Nfd7 5. d4 e6 6. Ne2 Nc6 7. c3 cxd4 8. cxd4 Be7 9. g3 O-O 10. Bg2 f6 11. exf6 Nxf6 12. O-O Ne4 13. h4 b6 14. Nf4 Bf6 15. Re1 Qd6 16. Be3 Bd7 17. Rc1 Rac8 18. Nd3 Ne7 19. Bf4 Rxc1 20. Qxc1 Qc6 21. Nfe5 Qb7 22. Bh3 Rc8 23. Qd1 Bxe5 24. Bxe5 Ng6 25. h5 Nxe5 26. Nxe5 Rf8 27. Nd3 Qa6 28. Nf4 Qxa2 29. Qc2 Rc8 30. Qe2 Rf8 31. Rc1 Ng5 32. Bg4 Ne4 33. Rc7 Bc8 34. h6 Qb1+ 35. Kg2 gxh6 36. f3 Ng5 37. Nxe6 Nf7 38. Nf4 Bxg4 39. fxg4 Qe4+ 40. Qxe4 dxe4 41. d5 Rd8 42. Kf2 Ne5 43. Ke3 Nxg4+ 44. Kxe4 Nf6+ 45. Ke5 Ne8 46. Rxa7 Ng7 47. Ne6 Nxe6 48. Kxe6 Kf8 49. d6 Re8+ 50. Kd5 Kg8 51. d7 Rd8 52. Ke6 Kf8 53. Rc7 h5 54. Rc8 Kg7 55. Rxd8 h4 56. gxh4 1-0


[Site "https://www.chess.com"]

[Event "Titled Tuesday Blitz January 03 Early 2023"]
[White "Estrada Nieto, Julian"]
[Black "Tran, Thanh Tu"]
[WhiteFideId "5101018"]
[BlackFideId "12401404"]
[WhiteElo "2215"]
[BlackElo "2412"]
[Result "0-1"]
[Round "10"]
[TimeControl "180+2"]
[Date "2023.01.03"]
[WhiteClock "0:00:02"]
[BlackClock "0:00:09"]

1. e4 Nc6 2. Nf3 d6 3. d4 Nf6 4. Nc3 g6 5. Bb5 a6 6. Bxc6+ bxc6 7. h3 Bg7 8. O-O O-O 9. Qe2 a5 10. Rd1 Ba6 11. Qe3 Rb8 12. b3 Re8 13. Qf4 Qc8 14. Qh4 c5 15. Bh6 cxd4 16. Bxg7 Kxg7 17. Nxd4 c5 18. Nf3 Bb7 19. e5 dxe5 20. Nxe5 Qf5 21. Nd3 Rbc8 22. Rd2 c4 23. bxc4 e5 24. Rb1 Ba8 25. Rb5 Qd7 26. Re2 e4 27. Nf4 Rxc4 28. Rb6 Qf5 29. Kh2 Rxc3 30. g3 Rf3 0-1


[Site "https://www.chess.com"]

[Event "Titled Tuesday Blitz January 03 Early 2023"]
[White "Garv Gaur"]
[Black "Novikova, Galina"]
[WhiteFideId "45030839"]
[BlackFideId "4157095"]
[WhiteElo "2006"]
[BlackElo "2073"]
[Result "1-0"]
[Round "10"]
[TimeControl "180+2"]
[Date "2023.01.03"]
[WhiteClock "0:01:13"]
[BlackClock "0:00:31"]

1. d4 e6 2. c4 f5 3. g3 Nf6 4. Bg2 Be7 5. Nf3 O-O 6. O-O d6 7. Nc3 Qe8 8. b4 a5 9. b5 Qh5 10. a4 Nbd7 11. e3 e5 12. dxe5 dxe5 13. Nd5 Bd6 14. Ba3 Ne4 15. Nd2 Qxd1 16. Rfxd1 Nec5 17. Nf3 h6 18. Nh4 Nb3 19. Bxd6 cxd6 20. Ra3 Nbc5 21. Ne7+ Kf7 22. Nexf5 g5 23. Nxd6+ Ke6 24. Bh3+ Kf6 25. Nhf5 Nb6 26. Nxc8 Raxc8 27. Rd6+ Kf7 28. Rxb6 Ne4 29. Nxh6+ Kg7 30. Bxc8 Rxc8 31. Nf5+ Kg8 32. Ne7+ 1-0


[Site "https://www.chess.com"]

[Event "Titled Tuesday Blitz January 03 Early 2023"]
[White "Lehtosaari, Mauri"]
[Black "Melikhov, Evgeny V."]
[WhiteFideId "501999"]
[BlackFideId "4122046"]
[WhiteElo "2176"]
[BlackElo "2269"]
[Result "1/2-1/2"]
[Round "10"]
[TimeControl "180+2"]
[Date "2023.01.03"]
[WhiteClock "0:00:13"]
[BlackClock "0:00:04"]

1. d4 Nf6 2. Nf3 d5 3. Bg5 e6 4. e3 Be7 5. Bd3 Nbd7 6. Nbd2 O-O 7. O-O Re8 8. c3 Nf8 9. Ne5 N6d7 10. Bxe7 Qxe7 11. f4 f6 12. Ng4 e5 13. fxe5 fxe5 14. dxe5 Nxe5 15. Nxe5 Qxe5 16. e4 dxe4 17. Nxe4 Bf5 18. Nf2 Bxd3 19. Qxd3 c6 20. Ng4 Qe4 21. Qg3 Ng6 22. h4 Qd5 23. Rad1 Qc5+ 24. Kh2 Rad8 25. Rxd8 Rxd8 26. Re1 Qd6 27. Re8+ Kf7 28. Rxd8 Qxd8 29. h5 Nf8 30. Qf4+ Kg8 31. h6 Qh4+ 32. Kg1 Qe1+ 33. Kh2 Qh4+ 34. Kg1 Qe1+ 35. Qf1 Qxf1+ 36. Kxf1 gxh6 37. Nxh6+ Kg7 38. Nf5+ Kf6 39. Nd6 b5 40. Ke2 Ke5 41. Nc8 a5 42. Ke3 Ng6 43. Nb6 a4 44. b3 axb3 45. axb3 Kd6 46. c4 bxc4 47. bxc4 Kc5 48. Nd7+ Kxc4 49. Nf6 h6 50. Ng4 h5 51. Nf6 h4 52. Ke4 c5 53. Kf5 Ne7+ 54. Kg4 Kd4 55. Nd7 c4 56. Kf3 c3 57. Ke2 Ke4 58. Nc5+ Kf4 59. Na4 Kg3 60. Nxc3 Kxg2 61. Ne4 Nf5 62. Ng5 Ng3+ 63. Ke3 Nf1+ 64. Ke2 Ng3+ 65. Ke3 Nf5+ 66. Ke2 Nd4+ 67. Ke3 Nf5+ 68. Ke2 1/2-1/2


[Site "https://www.chess.com"]

[Event "Titled Tuesday Blitz January 03 Early 2023"]
[White "Gressmann, Moritz"]
[Black "Fiorito, Joaquin"]
[WhiteFideId "24695084"]
[BlackFideId "180173"]
[WhiteElo "2129"]
[BlackElo "2405"]
[Result "1-0"]
[Round "10"]
[TimeControl "180+2"]
[Date "2023.01.03"]
[WhiteClock "0:00:15"]
[BlackClock "0:00:25"]

1. c4 c6 2. g3 d5 3. cxd5 cxd5 4. Bg2 Nf6 5. d4 Nc6 6. Nc3 a6 7. Bg5 e6 8. Nf3 h6 9. Bxf6 Qxf6 10. e3 Bd6 11. O-O O-O 12. Rc1 Bd7 13. Na4 Qd8 14. Nc5 Bc8 15. a3 Ne7 16. Qb3 b6 17. Nd3 Bb7 18. Rc2 Nc6 19. Rfc1 Na5 20. Qa2 f6 21. b3 Qd7 22. Bh3 Rfe8 23. Nfe1 Qb5 24. a4 Qd7 25. Ng2 Nc6 26. Ngf4 f5 27. Bg2 g5 28. Ne2 h5 29. h4 gxh4 30. gxh4 Rac8 31. Ndf4 Nb4 32. Qb1 Nxc2 33. Rxc2 Rxc2 34. Qxc2 Qe7 35. Nxh5 Qxh4 36. Nhf4 Qg5 37. Qd2 Kf7 38. Ng3 Rc8 39. Ngh5 Rh8 40. Ng3 Bxf4 41. exf4 Qf6 42. Qc3 Rc8 43. Qb4 Qd8 44. Qd2 Qd6 45. Qe2 Qxf4 46. Qh5+ Ke7 47. Qh7+ Kd6 48. Qxb7 Rc1+ 49. Bf1 Qxd4 50. Qb8+ Rc7 51. Qd8+ Kc6 52. Qa8+ Kd7 53. Qxa6 f4 54. Bb5+ Ke7 55. Nf1 Qg7+ 56. Kh1 f3 57. Ng3 Qh6+ 58. Kg1 Qh3 59. Bf1 Qg4 60. Qxb6 Qf4 61. a5 Qd6 62. Qxd6+ Kxd6 63. b4 e5 64. b5 e4 65. b6 Rb7 66. a6 Rxb6 67. a7 Rb1 68. a8=Q e3 69. Qd8+ Kc5 70. fxe3 d4 71. Kf2 d3 72. Be2 dxe2 73. Nxe2 fxe2 74. Kxe2 Rb2+ 75. Kf3 Rb3 76. Qc7+ Kb4 77. Qb7+ Kc3 78. Qxb3+ Kxb3 79. Ke4 Kc4 80. Ke5 Kc5 81. e4 Kc6 82. Ke6 Kc7 83. Ke7 Kc6 84. e5 Kd5 85. e6 Ke5 86. Kd7 Kf5 87. e7 Kf6 88. e8=Q Kg5 89. Qf7 Kg4 90. Qf6 Kh3 91. Qg5 Kh2 92. Ke6 Kh1 93. Ke5 Kh2 94. Kf4 Kh1 95. Kf3 Kh2 96. Qg2# 1-0


[Site "https://www.chess.com"]

[Event "Titled Tuesday Blitz January 03 Early 2023"]
[White "Herman, Daniel"]
[Black "Rosenberg, Evan S"]
[WhiteFideId "30935008"]
[BlackFideId "2019299"]
[WhiteElo "1956"]
[BlackElo "1956"]
[Result "1-0"]
[Round "10"]
[TimeControl "180+2"]
[Date "2023.01.03"]
[WhiteClock "0:00:17"]
[BlackClock "0:00:02"]

1. Nf3 d5 2. e3 c5 3. c4 d4 4. exd4 cxd4 5. b4 f6 6. Bb2 e5 7. Bd3 Bg4 8. Be4 Nc6 9. Qa4 Bd7 10. Qb3 Nxb4 11. Ba3 a5 12. O-O Bc6 13. Bxc6+ bxc6 14. Qa4 Rc8 15. Bxb4 axb4 16. d3 Nh6 17. Nbd2 Be7 18. Rfe1 O-O 19. Qc2 Ra8 20. c5 Qd5 21. Nb3 Rfb8 22. Nfd2 Rb5 23. Ne4 Nf7 24. Rec1 f5 25. Ned2 g6 26. Nc4 Bd8 27. Re1 Ng5 28. Rxe5 Qd7 29. Rae1 Bf6 30. R5e2 Nf7 31. Nb6 Rxb6 32. cxb6 Rb8 33. Nc5 Qd6 34. b7 Kg7 35. Qc4 Ne5 36. Qxb4 Nxd3 37. Nxd3 Qxb4 38. Nxb4 Rxb7 39. Nxc6 Rb6 40. Ne5 d3 41. Nxd3 Bd4 42. h3 h5 43. Nf4 g5 44. Ne6+ 1-0


[Site "https://www.chess.com"]